 Dungeon Crawl Stone Soup version 0.31-a0-331-geda263fcf1 (webtiles) character file.

Game seed: 1207890417530833989

642 Midn8 the Grappler (level 7, 60/60 HPs)
             Began as a Pale Draconian Berserker on July 20, 2023.
             Was a Believer of Trog.
             Quit the game on level 5 of the Dungeon.
             The game lasted 00:03:54 (3227 turns).

Midn8 the Grappler (Pale Draconian Berserker)       Turns: 3227, Time: 00:03:55

Health: 60/60      AC: 10    Str: 19    XL:     7   Next: 26%
Magic:  7/7        EV: 12    Int:  8    God:    Trog [**....]
Gold:   169        SH:  0    Dex: 12    Spells: 6/6 levels left

rFire   . .          .
                       - Unarmed
rCold   . . .        (no shield)
rNeg    . . .        (body armour unavailable)
rPois   +            (helmet restricted)
rElec   .            (no cloak)
rCorr   .            (no gloves)
SInv    .            (no boots)
Will    .....        (no amulet)
Stlth   +            o - +4 ring of protection
HPRegen 0.30/turn    s - ring of poison resistance
MPRegen 0.10/turn

%: no passive effects
@: short of breath
A: breathe steam, AC +6, unfitting armour, cold-blooded, steam resistance
a: Breathe Steam, Renounce Religion, Berserk, Trog's Hand


You were on level 5 of the Dungeon.
You worshipped Trog.
Trog was pleased with you.
You visited 1 branch of the dungeon, and saw 5 of its levels.

You collected 169 gold pieces.

Inventory:

Missiles
 i - 10 poisoned darts
Jewellery
 b - a ring of fire
 o - a +4 ring of protection (left hand)
 s - a ring of poison resistance (right hand)
Talismans
 g - a beast talisman
Wands
 p - a wand of iceblast (11)
Scrolls
 a - 2 scrolls of blinking
 f - a scroll of immolation {unknown}
 j - a scroll of vulnerability {unknown}
 k - 3 scrolls of identify {unknown}
 l - 2 scrolls of amnesia {unknown}
 m - 2 scrolls of revelation {unknown}
 n - a scroll of torment {unknown}
 r - 2 scrolls of teleportation
Potions
 c - a potion of heal wounds {unknown}
 d - a potion of cancellation {unknown}
 e - a potion of berserk rage {unknown}
 h - a potion of might {unknown}
 q - a potion of magic {unknown}
 t - 2 potions of brilliance {unknown}


   Skills:
 + Level 4.6 Fighting
 - Level 2.6 Dodging
 - Level 8.0 Unarmed Combat


You had 6 spell levels left.
You didn't know any spells.
Your spell library was empty.

Dungeon Overview and Level Annotations

Branches:
Dungeon (5/15)
 Temple: D:4-7

Altars:

Shops:
D:2 (


Innate Abilities, Weirdness & Mutations

You can breathe blasts of scalding, opaque steam.
Your pale cyan-grey scales are hard. (AC +6)
You cannot fit into any form of body armour.
You are cold-blooded and may be slowed by cold attacks.
You are immune to the effects of steam.


Message History

You see here a +0 whip.
k - 3 scrolls labelled CULYGARCH BEEB (gained 1)
An ogre comes into view. It is wielding a +0 giant spiked club.
The ogre shouts!
An ogre is nearby!
The ogre misses you.
You hit the ogre.
The ogre is moderately wounded.
The ogre barely misses you.
You hit the ogre.
The ogre is heavily wounded.
You punch the ogre!
You tail-slap the ogre, but do no damage.
The ogre is severely wounded.
The ogre closely misses you.
You closely miss the ogre.
The ogre is severely wounded.
You punch the ogre!
You kill the ogre!
Trog accepts your kill.
Training target 8.0 for Unarmed Combat reached!
Your Unarmed Combat skill increases to level 8!
You need to enable at least one skill for training.
You have reached level 7!
Your scales start taking on a pale cyan-grey colour.
You learn Fire Magic quicker.
You learn Air Magic quicker.
You learn Evocations quicker.
You can breathe blasts of scalding, opaque steam.
You are now immune to the effects of steam.
An ogre comes into view. It is wielding a +0 giant club.
The ogre shouts!
Aiming: Breathe Steam (1% risk of failure)
Press: ? - help, Shift-Dir - straight line, f - ogre
Aim: an ogre, wielding a +0 giant club (86% to hit)
You exhale a blast of scalding steam.
Unknown command.
Trog accepts your kill.
You feel a bit more experienced.
Your Fighting skill increases to level 4!
Are you sure you want to abandon this character and quit the game? (Confirm with "yes".)

....#.#.#
#.#.#######.###
##.##.#.#
#.#...........
#......#
#.##########. #
#####...# #.#
..#.....# #.#
#.#.#.#.# #.#
#### #.#.#.#.#
#.# ...
#.#.#.#.#
#.###.###.#.
#.#...#.#
#...@.......
#.#####.#
#####.#.#.#.
..# ..# ยง# #<#
### .. #.# )..
#.# .#.# #.#
.... #.# .....
#.#


There were no monsters in sight!

Vanquished Creatures
  A centaur (D:5)
  2 ogres (D:5)
  A bullfrog (D:4)
  A scorpion (D:4)
  2 hounds (D:4)
  2 iguanas
  2 adders (D:4)
  8 gnolls
  2 worms
  3 dart slugs (D:4)
  10 orcs
  2 bats
  6 endoplasms
  A giant cockroach (D:1)
  5 hobgoblins
  2 jackals (D:3)
  3 kobolds
  2 quokkas
  7 ball pythons
  2 frilled lizards
  4 goblins
  4 rats (D:1)
72 creatures vanquished.

Notes
Turn   | Place    | Note
-------+----------+-------------------------------------------
     0 | D:1      | Midn8 the Draconian Berserker began the quest for the Orb.
     0 | D:1      | Reached XP level 1. HP: 19/19 MP: 1/1
   287 | D:1      | Reached XP level 2. HP: 18/26 MP: 2/2
   941 | D:2      | Reached skill level 4 in Unarmed Combat
   951 | D:2      | Found Vupatycva's Weapon Shop.
  1161 | D:2      | Reached XP level 3. HP: 30/31 MP: 3/3
  1207 | D:2      | Reached ** piety under Trog
  1396 | D:2      | Identified the +5 war axe of Frustration {vamp, MP+9}
  1949 | D:3      | Reached skill level 5 in Unarmed Combat
  1949 | D:3      | Reached XP level 4. HP: 38/38 MP: 4/4
  2110 | D:3      | You fall into a shaft and drop 1 floor!
  2527 | D:4      | Noticed a scorpion
  2537 | D:4      | Killed a scorpion
  2538 | D:4      | Reached skill level 6 in Unarmed Combat
  2538 | D:4      | Reached XP level 5. HP: 45/45 MP: 5/5
  2839 | D:4      | Reached XP level 6. HP: 47/51 MP: 6/6
  2881 | D:4      | Reached skill level 7 in Unarmed Combat
  2988 | D:5      | Entered Level 5 of the Dungeon
  3163 | D:5      | Reached skill level 8 in Unarmed Combat
  3163 | D:5      | Your scales start taking on a pale cyan-grey colour.
  3163 | D:5      | Reached XP level 7. HP: 58/58 MP: 7/7
  3163 | D:5      | Gained mutation: You are immune to the effects of steam.
                  | [Pale Draconian growth]
  3227 | D:5      | Quit the game

Illustrated notes

Levels and vault maps discovered:
D:1:      matt_arrival_spirals, layout_loops_ring, serial_aquarium,
          aquarium_bridge_square [aquarium_subvault_wall,
          aquarium_subvault_wall, aquarium_subvault_bridge,
          aquarium_subvault_wall], aquarium_window_double, aquarium_window_2,
          aquarium_window_corner, aquarium_window_2, aquarium_view_2a,
          aquarium_balcony_5b
D:2:      layout_basic, serial_shops, nicolae_shop_bloodbath_and_beyond
D:3:      layout_basic, serial_park_tiny_1
D:4:      layout_basic, hangedman_minor_gate_pass
D:5:      layout_basic, uniq_crazy_yiuf_cottage

Skill      XL: |  1  2  3  4  5  6  7 |
---------------+----------------------+-----
Unarmed Combat | 4 5 6 8 |  8.0
Fighting       | 4 |  4.6
Dodging        | |  2.6

Action                     |  1- 3 |  4- 6 |  7- 9 || total
---------------------------+-------+-------+-------++-------
  Melee: Unarmed           |   105 |   105 |       ||   210
         Tailslap          |     8 |    10 |       ||    18
         Punch             |       |     3 |       ||     3
 Invoke: Berserk           |     1 |     3 |       ||     4
Ability: Breathe Steam     |       |       |     1 ||     1
    Use: Scroll            |     2 |       |       ||     2
   Stab: Sleeping          |     2 |     1 |       ||     3
 Armour: Skin              |    27 |    31 |       ||    58
  Dodge: Dodged            |    52 |    59 |       ||   111

Table legend: (Time is in decaauts)
 A = Elapsed time spent in this place.
 B = Non-inter-level travel time spent in this place.
 C = Inter-level travel time spent in this place.
 D = Time resting spent in this place.
 E = Time spent auto-exploring this place.
 F = Levels seen in this place.
 G = Mean time per level.
                   A        B        C        D        E       F      G
               +--------+--------+--------+--------+--------+-----+--------+
         Total |   3237 |   3123 |    114 |    422 |   2211 |   5 |  647.4 |
       Dungeon |   3237 |   3123 |    114 |    422 |   2211 |   5 |  647.4 |
               +--------+--------+--------+--------+--------+-----+--------+

Top non-repeatable levels by time:
     D:1: 935 daAuts
     D:4: 717 daAuts
     D:3: 684 daAuts
     D:2: 663 daAuts
     D:5: 237 daAuts
